 Dungeon Crawl Stone Soup version 0.30-a0-578-gdee14c521f (webtiles) character file.

Game seed: 14011777382871754896

91 cforsyth the Ruffian (level 4, -7/40 HPs)
             Began as a Ghoul Monk on Dec 31, 2022.
             Mangled by a gnoll
             ... wielding a +0 whip
              (10 damage)
             ... on level 2 of the Dungeon.
             The game lasted 00:01:22 (1245 turns).

cforsyth the Ruffian (Ghoul Monk)                   Turns: 1245, Time: 00:01:22

Health: -7/40      AC:  2    Str: 16    XL:     4   Next: 57%
Magic:  3/3        EV: 12    Int:  5    God:
Gold:   64         SH:  0    Dex: 11    Spells: 3/3 levels left

rFire   . . .      SeeInvis .      - Unarmed
rCold   + . .      Faith    .    (no shield)
rNeg    + + +      Spirit   .    a - +0 robe
rPois   ∞          Reflect  .    (no helmet)
rElec   .          Harm     .    (no cloak)
rCorr   .          Rampage  .    (no gloves)
Will    .....                    (no boots)
Stlth   ++                       (no amulet)
HPRegen 0.00/turn                (no ring)
MPRegen 0.08/turn                (no ring)

@: inhibited regen
A: claws 1, cold resistance 1, negative energy resistance 3, inhibited
regeneration, torment resistance 2, devour on kill
a: no special abilities


You were on level 2 of the Dungeon.
You visited 1 branch of the dungeon, and saw 2 of its levels.

You collected 64 gold pieces.

Inventory:

Armour
 a - a +0 robe (worn)
Jewellery
 d - an amulet of magic regeneration
Scrolls
 c - 4 scrolls of teleportation {unknown}
 e - a scroll of poison {unknown}
Potions
 b - a potion of ambrosia
 f - a potion of flight {unknown}


   Skills:
 + Level 4.0 Fighting
 + Level 3.2 Dodging
 + Level 3.2 Stealth
 + Level 4.0 Unarmed Combat


You had 3 spell levels left.
You didn't know any spells.
Your spell library was empty.

Dungeon Overview and Level Annotations

Branches:
Dungeon (2/15)

Altars:


Innate Abilities, Weirdness & Mutations

You are immune to poison.
You have sharp fingernails.
Your flesh is cold resistant. (rC+)
You are immune to negative energy. (rN+++)
You do not regenerate when monsters are visible.
You are immune to unholy pain and torment.
You thrive by killing the living.


Message History

The gnoll is heavily wounded.
The gnoll barely misses you.
You scratch the gnoll.
The gnoll is severely wounded.
The gnoll hits you with a +0 whip!
A gnoll comes into view. It is wielding a +0 halberd.
You closely miss the gnoll.
The gnoll is severely wounded.
The frilled lizard closely misses you. The gnoll hits you with a +0 whip.
You closely miss the gnoll.
The gnoll is severely wounded.
The gnoll shouts!
You scratch the gnoll.
You kill the gnoll!
The gnoll barely misses you. The frilled lizard bites you.
You barely miss the gnoll. The frilled lizard bites you.
The gnoll barely misses you.
A rat comes into view.
You scratch the gnoll.
The gnoll is lightly wounded.
The gnoll barely misses you. The frilled lizard bites you.
You scratch the gnoll but do no damage.
The gnoll is lightly wounded.
The gnoll hits you with a +0 club. The frilled lizard bites you.
The gnoll hits you with a +0 whip.
You are too injured to fight recklessly!
You are too injured to fight recklessly!
You are too injured to fight recklessly!
You are too injured to fight recklessly!
You are too injured to fight recklessly!
You are too injured to fight recklessly!
The gnoll attacks as you move away! The gnoll hits you with a +0 whip.
* * * LOW HITPOINT WARNING * * *
The gnoll misses you.
The frilled lizard bites you but does no damage.
You see here a +0 club.
The gnoll attacks as you move away! The gnoll hits you with a +0 whip!
* * * LOW HITPOINT WARNING * * *
The gnoll attacks as you move away! The gnoll hits you with a +0 whip!
You die...

#.#.......###.###........
#.........#.....#........
######†.....#†..>.#........
#...................†.#
#...........#.....#.#..#
#...........#.....#.# ....
#...........###.###.# ##.#
#...................# #
#...............@####
#............?lgg#
####............g#
.......).# .........#
........r# .........#
.........# .........!


You could see 3 gnolls, a frilled lizard and a rat.

Vanquished Creatures
  Natasha (D:2)
  A gnoll (D:2)
  An adder (D:2)
  5 dart slugs
  5 ball pythons (D:1)
  2 bats
  3 endoplasms
  2 giant cockroaches (D:1)
  2 goblins
  2 hobgoblins (D:1)
  A jackal (D:1)
  A quokka (D:1)
  5 frilled lizards
  3 kobolds (D:1)
  6 rats (D:1)
40 creatures vanquished.

Vanquished Creatures (others)
  2 plants (D:1)
2 creatures vanquished.

Grand Total: 42 creatures vanquished

Notes
Turn   | Place    | Note
-------+----------+-------------------------------------------
     0 | D:1      | cforsyth the Ghoul Monk began the quest for the Orb.
     0 | D:1      | Reached XP level 1. HP: 19/19 MP: 0/0
    68 | D:1      | Reached XP level 2. HP: 5/26 MP: 1/1
   617 | D:1      | Reached XP level 3. HP: 30/31 MP: 2/2
   903 | D:1      | You fall into a shaft and drop 1 floor!
  1090 | D:2      | Noticed Natasha
  1098 | D:2      | Killed Natasha
  1099 | D:2      | Reached XP level 4. HP: 31/40 MP: 3/3
  1245 | D:2      | Mangled by a gnoll

Illustrated notes

Levels and vault maps discovered:
D:1:      minmay_arrival_diagonal_passages, layout_basic, chequers_avenue,
          serial_bayou_pond_b, supply_closet_lemuel
D:2:      layout_basic, st_stairs_3, uniq_natasha

Skill      XL: |  1  2  3  4 |
---------------+-------------+-----
Dodging        | 3 |  3.2
Stealth        | 3 |  3.2
Fighting       | 4 |  4.0
Unarmed Combat | 4 |  4.0

Action                   |  1- 3 |  4- 6 || total
-------------------------+-------+-------++-------
Melee: Unarmed           |   100 |    34 ||   134
       Punch             |     2 |       ||     2
 Stab: Sleeping          |     1 |       ||     1
Armor: Robe              |    17 |     7 ||    24
Dodge: Dodged            |    67 |    25 ||    92

Table legend: (Time is in decaauts)
 A = Elapsed time spent in this place.
 B = Non-inter-level travel time spent in this place.
 C = Inter-level travel time spent in this place.
 D = Time resting spent in this place.
 E = Time spent auto-exploring this place.
 F = Levels seen in this place.
 G = Mean time per level.
                   A        B        C        D        E       F      G
               +--------+--------+--------+--------+--------+-----+--------+
         Total |   1239 |   1216 |     23 |     79 |    855 |   2 |  619.5 |
       Dungeon |   1239 |   1216 |     23 |     79 |    855 |   2 |  619.5 |
               +--------+--------+--------+--------+--------+-----+--------+

Top non-repeatable levels by time:
     D:1: 1066 daAuts
     D:2: 173 daAuts
